 Dungeon Crawl Stone Soup version 0.24-a0-244-ga6a6ab7d13 (webtiles) character file.

Game seed: 18045494281906241339

1000 Redear the Slasher (level 8, -8/43 HPs)
             Began as a Vine Stalker Berserker on Apr 11, 2019.
             Was a Priest of Trog.
             Killed from afar by an electric eel (11 damage)
             ... with a bolt of electricity
             ... on level 8 of the Dungeon.
             The game lasted 00:07:03 (4163 turns).

Redear the Slasher (Vine Stalker Berserker)         Turns: 4163, Time: 00:07:04

Health: -8/43      AC:  3    Str: 22      XL:     8   Next: 19%
Magic:  0/9        EV: 13    Int:  7      God:    Trog [***...]
Gold:   226        SH:  4    Dex: 12 (14) Spells: 7/7 levels left

rFire    . . .     SeeInvis .   a - +0 falchion
rCold    . . .     Gourm    .   k - +0 buckler
rNeg     . . .     Faith    .   g - +0 leather armour
rPois    .         Spirit   +   (no helmet)
rElec    .         Reflect  .   (no cloak)
rCorr    .         Harm     .   (no gloves)
MR       +++..                  (no boots)
Stlth    +.........             (no amulet)
HPRegen  1.54/turn              (no ring)
MPRegen  0.11/turn              (no ring)

@: regenerating
A: fangs 3, regeneration 1, magic shield, antimagic bite, no potion heal 3, rot
immunity
a: Berserk, Trog's Hand, Renounce Religion


You were on level 8 of the Dungeon.
You worshipped Trog.
Trog was most pleased with you.
You were very hungry.

You visited 1 branch of the dungeon, and saw 6 of its levels.

You collected 226 gold pieces.

Inventory:

Hand Weapons
 a - a +0 falchion (weapon)
 s - a cursed -2 falchion
Missiles
 n - 153 stones (quivered)
 o - 77 arrows
 q - 90 sling bullets
 t - 3 javelins
 u - 14 bolts
Armour
 b - a +0 animal skin
 g - a +0 leather armour (worn)
 k - a +0 buckler (worn)
Wands
 D - a wand of digging (6)
 I - a wand of iceblast (12)
Scrolls
 e - 8 scrolls of remove curse {unknown}
 f - 5 scrolls of identify {unknown}
 h - 5 scrolls of teleportation {unknown}
 i - a scroll of fog {unknown}
 j - 3 scrolls of amnesia {unknown}
 l - a scroll of enchant weapon {unknown}
 r - a scroll of immolation {unknown}
Potions
 c - 4 potions of lignification {unknown}
 d - a potion of haste {unknown}
 m - a potion of cancellation {unknown}
 p - a potion of might {unknown}
 v - a potion of magic {unknown}
 x - a potion of ambrosia {unknown}
Comestibles
 z - 5 rations


   Skills:
 + Level 5.0 Fighting
 + Level 5.0 Long Blades
 - Level 1.5 Armour
 + Level 4.1 Dodging
 + Level 3.8 Shields


You had 7 spell levels left.
You didn't know any spells.
Your spell library was empty.

Dungeon Overview and Level Annotations

Branches:
Dungeon (5/15)
 Temple: D:4-7

Altars:
Ru
Sif Muna
The Shining One


Innate Abilities, Weirdness & Mutations

You have razor-sharp teeth.
Your natural rate of healing is unusually fast.
When hurt, damage is shared between your health and your magic reserves.
Your bite disrupts and absorbs the magic of your enemies.
Potions cannot restore your health.
You are immune to rotting.


Message History

You take 5 damage, and have 11/43 hp.
You now have 2/9 mp.
Your skin crawls.
You feel resistant to hostile enchantments.
You feel somewhat more hungry. The wolf bites you but does no damage.
The wolf bites you!
* * * LOW HITPOINT WARNING * * *
You take 4 damage, and have 7/43 hp.
You now have 1/9 mp.
You barely miss the wolf. Your bite misses the wolf.
The wolf is severely wounded.
You feel the effects of Trog's Hand fading.
You block the wolf's attack. The wolf barely misses you.
You regained 2 hp, and now have 10/43 hp.
You block the wolf's attack.
You regained 2 hp, and now have 13/43 hp.
The electric eel shoots out a bolt of lightning at you!
The bolt of electricity hits you!
* * * LOW HITPOINT WARNING * * *
The bolt of electricity hits you!
You die...

##.Oh....≈≈≈
#l####....≈≈≈≈≈≈≈≈≈≈≈
#.# #...≈≈≈≈≈≈≈≈≈..
#h# #..≈≈.≈Z≈≈≈≈≈..
#O# #.≈..).≈≈.≈.≈..
#.# #....≈.;.......
#.# #........≈....≈
#.#####...O..........
#.....hl...hh@....#
#################.#


You could see a two-headed ogre, 3 wolves, an iguana, an electric eel and a
leopard gecko zombie.

Vanquished Creatures
  An ice beast (D:5)
  2 sky beasts
  2 phantoms
  A crimson imp (D:5)
  2 orc wizards
  2 bullfrog skeletons
  4 hounds
  A quasit (D:5)
  An orc priest (D:5)
  A centaur skeleton (D:4)
  A hound skeleton (D:4)
  A worker ant zombie (D:5)
  A gnoll (D:4)
  6 adders
  2 oozes (D:3)
  2 worms
  4 dart slugs
  4 leopard geckos
  20 orcs
  2 giant cockroaches
  4 goblins
  6 hobgoblins
  7 jackals
  A quokka (D:5)
  A ball python (D:3)
  6 bats
  8 frilled lizards
  A jackal skeleton (D:5)
  5 kobolds
  6 rats
105 creatures vanquished.

Notes
Turn   | Place    | Note
-------+----------+-------------------------------------------
     0 | D:1      | Redear the Vine Stalker Berserker began the quest for the
                  | Orb.
     0 | D:1      | Reached XP level 1. HP: 11/11 MP: 2/2
   397 | D:1      | Reached XP level 2. HP: 15/16 MP: 3/3
   728 | D:1      | Reached skill level 3 in Fighting
   920 | D:1      | Reached skill level 3 in Long Blades
  1106 | D:2      | Reached skill level 2 in Dodging
  1138 | D:2      | Reached XP level 3. HP: 20/20 MP: 4/4
  1456 | D:2      | Found a glowing golden altar of the Shining One.
  1778 | D:3      | Noticed a sky beast
  1790 | D:3      | Killed a sky beast
  1790 | D:3      | Reached skill level 1 in Shields
  1790 | D:3      | Gained mutation: Your natural rate of healing is unusually
                  | fast. [Vine Stalker growth]
  1790 | D:3      | Reached XP level 4. HP: 10/24 MP: 2/5
  1790 | D:3      | Reached XP level 5. HP: 12/28 MP: 2/6
  1849 | D:3      | Reached ** piety under Trog
  2470 | D:3      | Reached skill level 2 in Shields
  2625 | D:4      | Reached XP level 6. HP: 24/33 MP: 7/7
  2663 | D:4      | Reached skill level 3 in Dodging
  2682 | D:4      | Reached skill level 4 in Fighting
  2686 | D:4      | Reached *** piety under Trog
  2772 | D:4      | Reached skill level 4 in Long Blades
  2796 | D:4      | Noticed a phantom
  2841 | D:4      | Killed a phantom
  2855 | D:4      | Found a sacrificial altar of Ru.
  2864 | D:4      | Found the +3 giant club "Skullcrusher" {speed, Str+7}
  2944 | D:4      | Reached XP level 7. HP: 37/37 MP: 8/8
  3119 | D:4      | Found a deep blue altar of Sif Muna.
  3258 | D:5      | Entered Level 5 of the Dungeon
  3268 | D:5      | Reached skill level 3 in Shields
  3542 | D:5      | HP: 3/38 [ice beast (11)]
  3864 | D:5      | Gained mutation: You have razor-sharp teeth. [Vine Stalker
                  | growth]
  3864 | D:5      | Reached XP level 8. HP: 33/42 MP: 7/9
  3876 | D:5      | Reached skill level 4 in Dodging
  4105 | D:5      | Reached skill level 5 in Fighting
  4105 | D:5      | Reached skill level 5 in Long Blades
  4122 | D:5      | You fall through a shaft for 3 floors!
  4122 | D:8      | Noticed a troll
  4122 | D:8      | Noticed a two-headed ogre
  4163 | D:8      | HP: 3/43 [electric eel/bolt of electricity (11)]
  4163 | D:8      | Killed from afar by an electric eel

Levels and vault maps discovered:
D:1:      eino_arrival_cavern_d, layout_basic, minmay_unequal
D:2:      layout_loops_ring, lemuel_doored_altar
D:3:      layout_rooms
D:4:      layout_loops_ring, nicolae_ru_sacrificial_ziggurat, led_sif_pool,
          cheibrodos_gnoll_hut
D:5:      layout_basic, first_ration
D:8:      layout_basic, erik_lair_island, hangedman_little_slice_of_home

Skill      XL: |  1  2  3  4  5  6  7  8 |
---------------+-------------------------+-----
Fighting       | 3 4 5 |  5.0
Long Blades    | 3 4 5 |  5.0
Dodging        | 2 3 4 |  4.1
Shields        | 1 2 3 |  3.8
Armour         | |  1.5

Action                   |  1- 3 |  4- 6 |  7- 9 || total
-------------------------+-------+-------+-------++-------
Melee: Falchion          |    73 |   147 |   130 ||   350
       Bite              |    21 |    47 |    38 ||   106
Invok: Berserk           |     1 |       |     2 ||     3
       Trog's Hand       |       |       |     2 ||     2
 Stab: Sleeping          |     1 |       |       ||     1
  Eat: Chunk             |     3 |     4 |     6 ||    13
Armor: Leather armour    |    21 |    29 |    30 ||    80
       Animal skin       |     1 |       |       ||     1
Dodge: Dodged            |    44 |    81 |    95 ||   220
Block: Buckler           |       |       |    11 ||    11
       Rpst.: Falchion   |    15 |    30 |    26 ||    71

Table legend:
 A = Non-vault XP
 B = Vault XP
 C = Vault XP percentage of total XP
 D = Non-vault monster count
 E = Vault monster count
 F = Vault count percentage of total count
                 A         B        C        D         E       F
            +---------+---------+-------+---------+---------+-------
      Total |    1329 |     100 |   7.0 |     100 |       5 |   4.8
            +---------+---------+-------+---------+---------+-------
        D:1 |      23 |       2 |   8.0 |      13 |       2 |  13.3
        D:2 |      34 |       0 |   0.0 |      14 |       0 |   0.0
        D:3 |     236 |       0 |   0.0 |      32 |       0 |   0.0
        D:4 |     324 |      98 |  23.2 |      21 |       3 |  12.5
        D:5 |     712 |       0 |   0.0 |      20 |       0 |   0.0
            +---------+---------+-------+---------+---------+-------
